 Dungeon Crawl Stone Soup version 0.29.1-1-gd02db6906a (webtiles) character file.

Game seed: 5723351939819037274

4949 SSird the Cleaver (level 10, -5/136 HPs)
             Began as a Hill Orc Fighter on Sept 29, 2022.
             Was an Elder of Beogh.
             Slain by a gnoll bouda
             ... wielding a +0 halberd
              (9 damage)
             ... in a bailey.
             The game lasted 00:22:03 (7065 turns).

SSird the Cleaver (Hill Orc Fighter)                Turns: 7065, Time: 00:22:03

Health: -5/136     AC: 23    Str: 27    XL:     10   Next: 52%
Magic:  10/10      EV:  8    Int:  8    God:    Beogh [****..]
Gold:   315        SH: 12    Dex: 13    Spells: 9/9 levels left

rFire   x . .      SeeInvis +   a - +1 war axe (freeze)
rCold   + . .      Faith    .   c - +1 buckler
rNeg    . . .      Spirit   .   j - +8 chain mail of the Known World {Will+++ Dex-3 SInv Stlth+}
rPois   .          Reflect  +   (no helmet)
rElec   .          Harm     .   (no cloak)
rCorr   .          Rampage  .   q - +0 pair of gloves
Will    +++..                   l - +2 pair of boots
Stlth   ..........              o - amulet of reflection
HPRegen 0.32/turn               G - ring of Fob Oxox {Ice Str+3}
MPRegen 0.12/turn               e - +6 ring of dexterity

@: mighty, berserking (expiring), studying Air Magic, very quick
A: no striking features
a: Renounce Religion, Smiting, Recall Orcish Followers


You were in a bailey.
You worshipped Beogh.
Beogh was greatly pleased with you.
You visited 1 branch of the dungeon, and saw 11 of its levels.
You also visited: Sewer and Bailey.

You collected 365 gold pieces.
You spent 50 gold pieces at shops.

Inventory:

Hand Weapons
 a - a +1 war axe of freezing (weapon)
 b - a +1 whip of venom
 F - a +0 battleaxe
Missiles
 i - 5 curare-tipped darts
 C - 3 throwing nets (quivered)
Armour
 c - a +1 buckler (worn)
 g - a scarf of shadows
 j - the +8 chain mail of the Known World (worn) {Will+++ Dex-3 SInv Stlth+}
   (You found it on level 6 of the Dungeon)

   Dex:       It affects your dexterity (-3).
   SInv:      It lets you see invisible.
   Will:      It greatly increases your willpower.
   Stlth:     It makes you more stealthy.
 l - a +2 pair of boots (worn)
 q - a +0 pair of gloves (worn)
 w - the +3 robe of Miracles {rPois Str+4}
   (You found it on level 4 of the Dungeon)

   Str:       It affects your strength (+4).
   rPois:     It protects you from poison.
 D - a +0 plate armour
 K - a +3 leather armour of willpower
Jewellery
 e - a +6 ring of dexterity (right hand)
 o - an amulet of reflection (around neck)
 x - a +6 ring of intelligence
 E - an amulet of guardian spirit
 G - the ring of Fob Oxox (left hand) {Ice Str+3}
   (You found it in a sewer)

   [ring of ice]

   It enhances your ice magic.
   Str:       It affects your strength (+3).
   rF:        It makes you vulnerable to fire.
   rC:        It protects you from cold.
 J - a ring of willpower
Wands
 v - a wand of polymorph (16)
 z - a wand of mindburst (17)
Scrolls
 f - 5 scrolls of teleportation
 m - 2 scrolls of identify
 y - a scroll of enchant armour
 B - a scroll of magic mapping
Potions
 d - a potion of might
 k - a potion of berserk rage
 n - 2 potions of attraction
 p - 5 potions of heal wounds
 r - 5 potions of lignification {unknown}
 s - 7 potions of curing {unknown}
 t - 3 potions of cancellation
 u - a potion of invisibility
 A - 3 potions of brilliance
 I - a potion of mutation {unknown}


   Skills:
 + Level 9.0 Fighting
 * Level 12.7 Axes
 + Level 8.2 Armour
 + Level 8.2 Shields


You had 9 spell levels left.
You didn't know any spells.
Your spell library contained the following spells:

 Spells                   Type           Power      Damage    Failure   Level
 Foxfire                  Conj/Fire      0%         2x1d4     95%         1
 Necrotise                Necr           0%         1d4       95%         1
 Slow                     Hex            0%         N/A       95%         1
 Confusing Touch          Hex            0%         N/A       100%        3
 Conjure Flame            Conj/Fire      0%         6-21      100%        3
 Inner Flame              Hex/Fire       0%         N/A       100%        3
 Vampiric Draining        Necr           0%         2d6       100%        3
 Flame Wave               Conj/Fire      0%         2d4       100%        4
 Petrify                  Tmut/Erth      0%         N/A       100%        4
 Summon Ice Beast         Ice/Summ       0%         N/A       100%        4
 Summon Lightning Spire   Summ/Air       0%         N/A       100%        4
 Agony                    Necr           0%         N/A       100%        5
 Metabolic Englaciation   Hex/Ice        0%         N/A       100%        5
 Summon Mana Viper        Hex/Summ       0%         N/A       100%        5
 Statue Form              Tmut/Erth      0%         N/A       100%        6
 Monstrous Menagerie      Summ           0%         N/A       100%        7
 Storm Form               Tmut/Air       0%         N/A       100%        7
 Maxwell's Capacitive Co  Air            0%         ∞         100%        8


Dungeon Overview and Level Annotations

Branches:
Dungeon (11/15)            Temple (0/1) D:7           Sewer (visited)
 Bailey (1/1)
   Lair: D:8-11         Orc: D:9-12

Altars:
Fedhas
Gozag
Nemelex Xobeh
Sif Muna
Uskayaw
Yredelemnul

Shops:
D:3 !   D:6 [   D:7 =

Annotations:
D:8 3 runed translucent doors


Message History

The gnoll sergeant barely misses you.
The gnoll bouda hits you with a +0 trident.
* * * LOW HITPOINT WARNING * * *
You block the gnoll sergeant's attack. You block the gnoll's attack.
Your orc wizard hits the gnoll bouda but does no damage.
The gnoll sergeant hits you with a +0 halberd!
* * * LOW HITPOINT WARNING * * *
You block the gnoll bouda's attack.
The gnoll sergeant barely misses the gnoll sergeant.
The gnoll sergeant hits itself with a +0 halberd.
The gnoll sergeant hits you with a +0 bardiche.
* * * LOW HITPOINT WARNING * * *
Things that are here:
a +0 halberd; a +0 chain mail; a gnoll corpse You slice the gnoll sergeant!!
You freeze the gnoll sergeant.
You kill the gnoll sergeant!
Beogh accepts your kill.
You closely miss the gnoll. You slash the gnoll bouda!
You freeze the gnoll bouda.
You kill the gnoll bouda!
Beogh accepts your kill.
Beogh appreciates your killing of a heretic priest.
You slash the gnoll sergeant! You freeze the gnoll sergeant.
The gnoll completely misses you.
Your Fighting skill increases to level 9!
Unknown command.
You hit the gnoll sergeant. You freeze the gnoll sergeant.
The gnoll sergeant is almost dead.
You closely miss the gnoll.
Your orc wizard dissolves into shadows!
A gnoll bouda comes into view. It is wielding a +0 halberd.
The gnoll sergeant hits you with a +0 halberd.
* * * LOW HITPOINT WARNING * * *
Unknown command.
You are too berserk!
You barely miss the gnoll sergeant.
The gnoll sergeant is almost dead.
You barely miss the gnoll.
The gnoll bouda hits you from afar with a +0 halberd!
You die...

*~#...#.))8).)#+***~*
*~#...#.......#...*~*
*~#...##.....##..,*~*
*~#....##...##..,,*~*
*~#8..†.##'##..,,8*~♣
*~#.....#...#.,,,,*≈♣
*~##....').)g,,,,*#≈♣
*~,##...#.gg#,,,*#.≈♣
*~,,#####.)@#####..≈♣
*~,,.....goo)......≈♣
*~~,.......)......≈≈♣
**~~≈≈≈≈≈≈≈≈≈≈≈≈≈≈≈♣♣
***♣♣♣♣♣♣♣♣♣♣♣♣♣♣♣♣


You could see 2 gnoll sergeants, a gnoll bouda (swift), a gnoll (swift), a
friendly orc wizard and a friendly orc (summoned).

Vanquished Creatures
  A two-headed ogre (D:11)
  A troll (D:5)
  A steam dragon (D:7)
  3 water moccasins
  An orc warrior (D:4)
  2 black bears
  3 wolves (Bailey)
  5 centaurs
  A phantom (D:5)
  2 kobold brigands
  6 bullfrogs
  6 gnoll sergeants
  4 scorpions
  6 killer bees (D:9)
  3 howler monkeys
  5 crimson imps (D:7)
  6 hounds
  2 jellies (D:5)
  6 gnoll boudas
  2 orc priests
  3 iguanas
  2 orc wizards
  20 gnolls
  13 adders
  3 shadow imps
  3 white imps
  An ufetubus (D:5)
  A worm (D:3)
  3 dart slugs
  16 orcs
  10 bats
  10 endoplasms
  6 giant cockroaches
  13 goblins
  10 hobgoblins
  3 jackals
  6 quokkas
  17 ball pythons
  12 frilled lizards
  10 kobolds
  11 rats
  A butterfly (D:7)
240 creatures vanquished.

Vanquished Creatures (collateral kills)
  A gnoll (Bailey)
  A goblin (D:8)
  A hobgoblin (D:8)
3 creatures vanquished.

Vanquished Creatures (others)
  An orc priest (Bailey)
  2 orcs (D:5)
3 creatures vanquished.

Grand Total: 246 creatures vanquished

Notes
Turn   | Place    | Note
-------+----------+-------------------------------------------
     0 | D:1      | SSird the Hill Orc Fighter began the quest for the Orb.
     0 | D:1      | Reached XP level 1. HP: 19/19 MP: 1/1
   158 | D:1      | Reached skill level 3 in Axes
   161 | D:1      | Reached XP level 2. HP: 22/27 MP: 2/2
   656 | D:1      | Reached XP level 3. HP: 33/33 MP: 3/3
  1482 | D:3      | Found a basalt altar of Yredelemnul.
  1538 | D:3      | Reached skill level 4 in Axes
  1618 | D:3      | Found Tainipuy's Distillery.
  1622 | D:3      | Bought a potion of heal wounds for 50 gold pieces
  1632 | D:3      | Reached XP level 4. HP: 40/40 MP: 4/4
  2276 | D:4      | Reached XP level 5. HP: 39/47 MP: 5/5
  2532 | D:4      | Found a hide-covered altar of Uskayaw.
  2826 | D:4      | Found a sparkling altar of Nemelex Xobeh.
  2890 | D:4      | Identified the +3 robe of Miracles {rPois Str+4}
  2936 | D:4      | Reached skill level 5 in Axes
  3082 | D:4      | Noticed an orc warrior
  3106 | D:4      | Killed an orc warrior
  3107 | D:4      | Reached XP level 6. HP: 44/55 MP: 6/6
  3324 | D:5      | Entered Level 5 of the Dungeon
  3345 | D:5      | Reached skill level 5 in Fighting
  3345 | D:5      | Reached skill level 6 in Axes
  3649 | D:5      | Reached XP level 7. HP: 49/61 MP: 7/7
  3785 | D:5      | Became a worshipper of Beogh the Brigand
  3795 | D:5      | Reached skill level 5 in Armour
  3806 | D:5      | Found a blossoming altar of Fedhas.
  3841 | D:5      | Reached skill level 5 in Shields
  3928 | D:5      | Reached skill level 7 in Axes
  4268 | D:5      | Noticed a troll
  4283 | D:5      | Killed a troll
  4284 | D:5      | Reached XP level 8. HP: 70/70 MP: 8/8
  4288 | D:5      | Reached skill level 8 in Axes
  4313 | D:5      | Reached * piety under Beogh
  4772 | D:6      | Identified the +8 chain mail of the Known World {Will+++
                  | Dex-3 SInv Stlth+}
  4873 | D:6      | Reached skill level 9 in Axes
  4969 | D:6      | Reached XP level 9. HP: 38/78 MP: 9/9
  5016 | D:6      | Found Curav's Antique Armour Boutique.
  5112 | D:6      | Found a glowing drain.
  5127 | Sewer    | Entered a sewer
  5159 | Sewer    | Reached ** piety under Beogh
  5387 | Sewer    | Identified the ring of Fob Oxox {Ice Str+3}
  5569 | D:6      | Reached skill level 10 in Axes
  5811 | D:7      | Found an opulent altar of Gozag.
  5834 | D:7      | Found Teigeec's Jewellery Shop.
  5929 | D:7      | Found a shimmering blue altar of Sif Muna.
  6065 | D:7      | Found a staircase to the Ecumenical Temple.
  6235 | D:7      | Reached skill level 11 in Axes
  6328 | D:7      | Reached *** piety under Beogh
  6574 | D:8      | Found a runed translucent gate.
  6575 | D:8      | Found a runed translucent gate.
  6576 | D:8      | Found a runed translucent gate.
  6577 | D:8      | Noticed a white ugly thing
  6578 | D:8      | Noticed a red ugly thing
  6671 | D:8      | You fall into a shaft and drop 3 floors!
  6674 | D:11     | Noticed a two-headed ogre
  6682 | D:11     | Killed a two-headed ogre
  6683 | D:11     | Reached skill level 12 in Axes
  6683 | D:11     | Reached XP level 10. HP: 62/90 MP: 10/10
  6720 | D:10     | Entered Level 10 of the Dungeon
  6720 | D:10     | Noticed a two-headed ogre
  6874 | D:8      | Found a flagged portal.
  6881 | Bailey   | Entered a bailey
  6912 | Bailey   | Gained Spirok as an ally
  6915 | Bailey   | Your ally Spirok died
  7014 | Bailey   | Reached **** piety under Beogh
  7062 | Bailey   | HP: 6/135 [gnoll sergeant/+0 bardiche (5)]
  7065 | Bailey   | Slain by a gnoll bouda

Illustrated notes

Levels and vault maps discovered:
D:1:      lemuel_arrival_rhombus, layout_rooms, kennysheep_flooded_box
D:2:      layout_rooms
D:3:      minmay_razor_zed, layout_loops_cross, yredelemnul_altar_generic,
          serial_shops, shop, minmay_goblin_outpost
D:4:      wad_crossroads, layout_rooms, eat_drink_and_be_merry_uskayaw,
          nemelex_altar_shiori, minmay_manual_mullet
D:5:      cheibrodos_barr_body, layout_basic, fedhas_altar_fruit_tree,
          minmay_misc_feat_five, minmay_holes
D:6:      nicolae_BIG_FREAKIN_CUBE, layout_loops_ring, portal_sewer_entry_b,
          serial_shops, nicolae_square_shop, minmay_stone_trees_small
D:7:      layout_cave_pools, lemuel_doored_altar, mainiacjoe_overflow_brackets,
          minmay_temple_entry_butterflies, serial_shops, shop, minivault_14,
          minmay_nine_imps
D:8:      layout_loops_ring, erik_lair_island,
          ploomutoo_gammafunk_ghost_potion_laboratory, enter_bailey_4
D:9:      layout_roguey, kennysheep_mini, minmay_evil_grid
D:10:     layout_cave_pools, uniq_snorg, uniq_josephine, uniq_urug
D:11:     layout_basic, serial_glass, glass_columns_b, glass_columns_a,
          uniq_maurice
Bailey:   bailey_polearm_gnolls_kennysheep, bailey

Skill      XL: |  1  2  3  4  5  6  7  8  9 10 |
---------------+-------------------------------+-----
Axes           | 3 4 5 6 7 9 12 | 12.7
Fighting       | 4 5 6 8 9 |  9.0
Shields        | 4 5 6 7 8 |  8.2
Armour         | 4 5 6 7 8 |  8.2

Action                   |  1- 3 |  4- 6 |  7- 9 | 10-12 || total
-------------------------+-------+-------+-------+-------++-------
Melee: War axe           |   139 |   120 |   297 |    84 ||   640
Throw: Dart              |       |     2 |     1 |       ||     3
Invok: Convert to Beogh  |       |       |     1 |       ||     1
  Use: Scroll            |       |    11 |     4 |     3 ||    18
       Potion            |       |       |       |     3 ||     3
 Stab: Sleeping          |       |       |     2 |       ||     2
       Distracted        |       |       |       |     1 ||     1
       Confused          |       |       |       |     1 ||     1
Armor: Scale mail        |    67 |    33 |       |       ||   100
       Robe              |       |     4 |    12 |       ||    16
       Chain mail        |       |       |    97 |    61 ||   158
       Plate armour      |       |       |     5 |       ||     5
Dodge: Dodged            |    65 |    31 |    95 |    37 ||   228
Block: Buckler           |    54 |    74 |   154 |   100 ||   382
       Reflection        |     1 |     3 |     7 |     4 ||    15
